[Event "ICC tourney 2533 (25 5)"]
[Site "Internet Chess Club"]
[Date "2021.04.24"]
[Round "1"]
[White "SHUKLA, ARIN:K09-15582643"]
[Black "GRANT, AROYAH:K09-16524840"]
[Result "1-0"]
[ICCResult "Black checkmated"]
[WhiteElo "1553"]
[BlackElo "596"]
[Opening "Giuoco Pianissimo"]
[ECO "C50"]
[NIC "IG.02"]
[Time "11:02:07"]
[PlyCount "103"]
[TimeControl "1500+5"]

1. e4 e5 2. Nf3 Nc6 3. Bc4 Bc5 4. d3 Nf6 5. O-O O-O 6. Re1 d6 7. c3 Bg4 8.
h3 Bd7 9. Nbd2 Re8 10. Bb3 Be6 11. Bc2 d5 12. exd5 Bxd5 13. Nb3 Bxb3 14.
Bxb3 e4 15. dxe4 Qxd1 16. Rxd1 Nxe4 17. Nd4 Nxd4 18. cxd4 Bb6 19. Be3 Rad8
20. a4 a5 21. Rac1 c5 22. dxc5 Rxd1+ 23. Bxd1 Nxc5 24. Bxc5 Re1+ 25. Kh2
Bc7+ 26. g3 h6 27. Be3 Bd6 28. Bf3 Rxc1 29. Bxc1 Kf8 30. Bxb7 Ke7 31. Bd2
Bc7 32. b4 axb4 33. Bxb4+ Ke6 34. a5 Bb8 35. a6 Kd7 36. Bc5 Kc7 37. Be3 f5
38. Bf4+ Kb6 39. Bxb8 g5 40. Be5 h5 41. f3 g4 42. hxg4 hxg4 43. fxg4 fxg4
44. Kg2 Ka5 45. a7 Kb5 46. a8=Q Kc4 47. Bd5+ Kc5 48. Qc6+ Kb4 49. Qc4+ Ka3
50. Bd6+ Kb2 51. Be5+ Kb1 52. Be4# { Black checkmated } 1-0

[Event "ICC tourney 2533 (25 5)"]
[Site "Internet Chess Club"]
[Date "2021.04.24"]
[Round "1"]
[White "LASKOV, BENJAMIN:K09-16080648"]
[Black "SETHURAMAN, SANDEEP:K09-15472832"]
[Result "0-1"]
[ICCResult "White checkmated"]
[WhiteElo "927"]
[BlackElo "2194"]
[Opening "Sicilian: closed"]
[ECO "B23"]
[NIC "SI.44"]
[Time "11:02:19"]
[PlyCount "80"]
[TimeControl "1500+5"]

1. e4 c5 2. Nc3 d6 3. Nf3 Nf6 4. Bb5+ Nbd7 5. O-O a6 6. Bxd7+ Bxd7 7. d3 e6
8. Bg5 Be7 9. Qd2 h6 10. Bh4 O-O 11. e5 dxe5 12. Nxe5 b5 13. a3 Qc8 14. d4
Rd8 15. dxc5 Be8 16. Qe2 Qxc5 17. Ne4 Qxe5 18. Rfe1 Qxe4 19. Bxf6 Qxe2 20.
Rxe2 Bxf6 21. Rb1 Bxb2 22. h3 Bxa3 23. Rb3 Rd1+ 24. Kh2 Bd6+ 25. g3 Bc6 26.
f3 Bd5 27. Rc3 b4 28. Rce3 Bc5 29. Rd3 Rxd3 30. cxd3 b3 31. d4 Bxd4 32. Rd2
b2 33. Rd1 Rc8 34. Rxd4 b1=Q 35. g4 Rc2+ 36. Kg3 Qg1+ 37. Kf4 Qxd4+ 38. Kg3
Qe5+ 39. Kh4 Rg2 40. g5 Qxg5# { White checkmated } 0-1

[Event "ICC tourney 2533 (25 5)"]
[Site "Internet Chess Club"]
[Date "2021.04.24"]
[Round "1"]
[White "AWAD, RANIA:K09-16554882"]
[Black "JEYANANDARAJAN, ROHAN:K09-15310288"]
[Result "1-0"]
[ICCResult "Black resigns"]
[WhiteElo "1442"]
[BlackElo "434"]
[Opening "QGD: exchange, positional line"]
[ECO "D35"]
[NIC "QO.16"]
[Time "11:02:12"]
[PlyCount "59"]
[TimeControl "1500+5"]

1. d4 d5 2. c4 e6 3. Nc3 Nf6 4. cxd5 exd5 5. Bg5 Be7 6. e3 O-O 7. Bd3 h6 8.
Bh4 b6 9. Nge2 Bb7 10. O-O c5 11. Rc1 Nc6 12. a3 Qc7 13. Bg3 Qd7 14. Qc2
Bd6 15. Bxd6 Qxd6 16. dxc5 bxc5 17. h3 c4 18. Bf5 Na5 19. Rcd1 Rfd8 20. Nd4
a6 21. Nce2 Bc8 22. Bxc8 Raxc8 23. Nf4 Ne4 24. Nf5 Qe5 25. Nxd5 Nc6 26. f3
g6 27. Nxh6+ Kg7 28. Ng4 Qf5 29. Qxe4 Qxe4 30. fxe4 { Black resigns } 1-0

[Event "ICC tourney 2533 (25 5)"]
[Site "Internet Chess Club"]
[Date "2021.04.24"]
[Round "1"]
[White "KOTARU, ADITYA:K09-15453455"]
[Black "E DUROST, BENJAMIN:K09-17214574"]
[Result "1-0"]
[ICCResult "Black checkmated"]
[WhiteElo "1451"]
[BlackElo "444"]
[Opening "Nimzovich-Larsen attack: modern variation"]
[ECO "A01"]
[NIC "VO.08"]
[Time "11:01:14"]
[PlyCount "111"]
[TimeControl "1500+5"]

1. b3 e5 2. Bb2 Nc6 3. Nf3 d6 4. e3 Bg4 5. Be2 Nf6 6. h3 Bf5 7. a3 Be7 8.
d3 e4 9. dxe4 Bxe4 10. Nbd2 Bg6 11. Bd3 Bxd3 12. cxd3 d5 13. d4 O-O 14. O-O
Bd6 15. b4 Re8 16. Re1 Ne4 17. Nxe4 dxe4 18. Nd2 Qh4 19. Qg4 Qxg4 20. hxg4
b5 21. d5 Be5 22. Bxe5 Nxe5 23. Nxe4 Nxg4 24. f3 f5 25. fxg4 fxe4 26. Rec1
Rac8 27. Rc5 a6 28. Rc6 Red8 29. Rd1 Rd6 30. Kh2 Kf7 31. Rc5 Ke7 32. Rd4
Rh6+ 33. Kg3 Kd7 34. Rxe4 c6 35. dxc6+ Rcxc6 36. Rd5+ Rhd6 37. Rxd6+ Rxd6
38. Rd4 Rxd4 39. exd4 Kd6 40. Kf4 Kd5 41. Ke3 g6 42. g5 Ke6 43. Ke4 Kd6 44.
d5 Kd7 45. Kd4 Kd6 46. g3 Kc7 47. Kc5 Kd7 48. d6 Kd8 49. Kc6 Kc8 50. g4 Kd8
51. d7 h5 52. gxh5 gxh5 53. g6 h4 54. g7 h3 55. g8=Q+ Ke7 56. d8=Q# { Black
checkmated } 1-0

[Event "ICC tourney 2533 (25 5)"]
[Site "Internet Chess Club"]
[Date "2021.04.24"]
[Round "1"]
[White "SURESH, ISAAC:K09-15949243"]
[Black "PAN, STEVEN:K09-15963582"]
[Result "0-1"]
[ICCResult "White checkmated"]
[WhiteElo "488"]
[BlackElo "1456"]
[Opening "Danish gambit: Sorensen defense"]
[ECO "C21"]
[NIC "KP.04"]
[Time "11:02:08"]
[PlyCount "74"]
[TimeControl "1500+5"]

1. e4 e5 2. d4 exd4 3. c3 d5 4. exd5 Qxd5 5. cxd4 Nf6 6. Nf3 Bd6 7. Be2 O-O
8. O-O Bg4 9. h3 Bh5 10. Nc3 Qc6 11. Be3 Qd7 12. Qd2 Nc6 13. Rfe1 Rfe8 14.
Rac1 h6 15. a3 Re7 16. Rc2 Rae8 17. Rec1 Bg6 18. Bd3 Ne4 19. Nxe4 Bxe4 20.
Bxe4 Rxe4 21. d5 Ne5 22. Nxe5 R4xe5 23. Bf4 Re2 24. Qd4 R2e4 25. Qd3 Bxf4
26. Rd1 Re1+ 27. Rxe1 Rxe1+ 28. Qf1 Rxf1+ 29. Kxf1 Qxd5 30. Re2 Qd1+ 31.
Re1 Qb3 32. Re4 Qd3+ 33. Re2 Bc1 34. Ke1 Qb1 35. Re8+ Kh7 36. Ke2 Qxb2+ 37.
Kd1 Qd2# { White checkmated } 0-1

[Event "ICC tourney 2533 (25 5)"]
[Site "Internet Chess Club"]
[Date "2021.04.24"]
[Round "1"]
[White "SAI POTHURI, ABHIRAM:K09-15560780"]
[Black "BOWER, TEDDY:K09-16898513"]
[Result "1/2-1/2"]
[ICCResult "Game drawn by repetition"]
[WhiteElo "1948"]
[BlackElo "849"]
[Opening "Ruy Lopez: classical (Cordel) defense"]
[ECO "C64"]
[NIC "RL.01"]
[Time "11:02:25"]
[PlyCount "58"]
[TimeControl "1500+5"]

1. e4 e5 2. Nf3 Nc6 3. Bb5 Bc5 4. O-O d6 5. c3 Nf6 6. d4 Bb6 7. d5 a6 8.
Ba4 Bxf2+ 9. Rxf2 b5 10. Bc2 Ne7 11. Rf1 O-O 12. h3 Ng6 13. Be3 Nh5 14.
Nxe5 Ng3 15. Nxg6 Nxf1 16. Qxf1 fxg6 17. Qe2 Qh4 18. Nd2 Bxh3 19. gxh3 Qg3+
20. Kh1 Qxh3+ 21. Kg1 Qg3+ 22. Kh1 Qh3+ 23. Kg1 Qg3+ 24. Kh1 Qh3+ 25. Kg1
Qg3+ 26. Kh1 Qh3+ 27. Kg1 Qg3+ 28. Kh1 Qh3+ 29. Kg1 Qg3+ { Game drawn by
repetition } 1/2-1/2

[Event "ICC tourney 2533 (25 5)"]
[Site "Internet Chess Club"]
[Date "2021.04.24"]
[Round "1"]
[White "BIAN, ERIN:K09-16926853"]
[Black "MENON, ROHAN:K09-17197867"]
[Result "1-0"]
[ICCResult "Black checkmated"]
[WhiteElo "1765"]
[BlackElo "741"]
[Opening "Caro-Kann: anti-anti-Caro-Kann defense"]
[ECO "B10"]
[NIC "CK.01"]
[Time "11:01:30"]
[PlyCount "53"]
[TimeControl "1500+5"]

1. e4 c6 2. c4 d5 3. cxd5 cxd5 4. exd5 Qxd5 5. Nc3 Qd8 6. d4 Nc6 7. d5 Ne5
8. Bf4 Ng6 9. Bg3 Nf6 10. Nf3 Bg4 11. Bb5+ Bd7 12. O-O h5 13. h4 Qb6 14.
Bxd7+ Nxd7 15. Re1 Nc5 16. d6 e6 17. Nd5 Qd8 18. Nc7+ Kd7 19. Nxa8 Qxa8 20.
b4 Na6 21. Qa4+ Kd8 22. Rac1 Rh6 23. Qa5+ Kd7 24. Rc7+ Nxc7 25. Qxc7+ Ke8
26. d7+ Ke7 27. d8=Q# { Black checkmated } 1-0

[Event "ICC tourney 2533 (25 5)"]
[Site "Internet Chess Club"]
[Date "2021.04.24"]
[Round "1"]
[White "LU, JASON:K09-15264313"]
[Black "THOMAS, JOHNATHAN:K09-16893496"]
[Result "1-0"]
[ICCResult "Black checkmated"]
[WhiteElo "2203"]
[BlackElo "927"]
[Opening "Giuoco Piano"]
[ECO "C54"]
[NIC "IG.02"]
[Time "11:03:46"]
[PlyCount "117"]
[TimeControl "1500+5"]

1. e4 e5 2. Nf3 Nc6 3. Bc4 Bc5 4. c3 Nf6 5. d4 exd4 6. e5 Ne4 7. cxd4 Bb4+
8. Nbd2 Nxd2 9. Bxd2 Bxd2+ 10. Qxd2 O-O 11. O-O d5 12. Be2 Be6 13. Rac1 Qd7
14. Rc3 h6 15. Rfc1 a6 16. h3 Rac8 17. Bxa6 bxa6 18. Rxc6 f6 19. Qe3 fxe5
20. Nxe5 Qe8 21. Rxc7 Rxc7 22. Rxc7 Qb8 23. Rc2 Bf5 24. Re2 Re8 25. Qf4 Bg6
26. Nxg6 Qxf4 27. Rxe8+ Kf7 28. Rf8+ Kxg6 29. Rxf4 Kg5 30. Rf8 Kg6 31. Rd8
Kf6 32. Rxd5 Ke6 33. Ra5 Kd7 34. Rxa6 g5 35. Kf1 h5 36. Ke2 g4 37. Ra5 gxh3
38. gxh3 h4 39. Rh5 Ke7 40. Rxh4 Kd7 41. Rh7+ Ke8 42. Re7+ Kxe7 43. d5 Kd6
44. h4 Kxd5 45. a4 Ke6 46. a5 Kd6 47. h5 Ke6 48. h6 Kf7 49. a6 Kg6 50. a7
Kxh6 51. a8=Q Kg5 52. Qf3 Kg6 53. Qf4 Kg7 54. Kf3 Kg6 55. Kg4 Kh7 56. Qg5
Kh8 57. Kf5 Kh7 58. Kf6 Kh8 59. Qg7# { Black checkmated } 1-0

[Event "ICC tourney 2533 (25 5)"]
[Site "Internet Chess Club"]
[Date "2021.04.24"]
[Round "1"]
[White "MADIRAJU, RISHI:K09-16477316"]
[Black "LESTER, JALEEL:K09-17178433"]
[Result "1-0"]
[ICCResult "Black resigns"]
[WhiteElo "1496"]
[BlackElo "519"]
[Opening "Queen's pawn game"]
[ECO "D02"]
[NIC "QP.09"]
[Time "11:19:07"]
[PlyCount "79"]
[TimeControl "1500+5"]

1. Nf3 d5 2. d4 Bg4 3. c4 c6 4. Nc3 Nf6 5. Bg5 h6 6. Bxf6 exf6 7. e3 Bb4 8.
cxd5 cxd5 9. Bb5+ Nc6 10. O-O O-O 11. Qb3 a6 12. Bxc6 Bxc3 13. Qxc3 bxc6
14. Rac1 Rc8 15. Nd2 Be2 16. Rfe1 Bh5 17. Nb3 Qc7 18. Na5 Rfe8 19. b4 Bg4
20. Qxc6 Qxc6 21. Nxc6 Bd7 22. Na5 Rxc1 23. Rxc1 Rb8 24. a3 Bb5 25. f3 f5
26. Rc5 Rd8 27. Nb3 Bc4 28. Nd2 Bb5 29. Nb1 Bd3 30. Nc3 Bc4 31. Kf2 Kf8 32.
Kg3 f6 33. e4 fxe4 34. fxe4 Kf7 35. exd5 Re8 36. Rxc4 Re3+ 37. Kf4 Re8 38.
Kf3 Ke7 39. Rc6 Kd7 40. Ne4 { Black resigns } 1-0

[Event "ICC tourney 2533 (25 5)"]
[Site "Internet Chess Club"]
[Date "2021.04.24"]
[Round "1"]
[White "KAMISETTY, NIKHIL:K09-15482975"]
[Black "N DAAS, CHIRAG:K09-16003211"]
[Result "1-0"]
[ICCResult "Black resigns"]
[WhiteElo "1452"]
[BlackElo "470"]
[Opening "English opening"]
[ECO "A10"]
[NIC "EO.64"]
[Time "11:01:38"]
[PlyCount "121"]
[TimeControl "1500+5"]

1. c4 d5 2. cxd5 Qxd5 3. Nc3 Qd8 4. g3 e5 5. Bg2 Nf6 6. e3 Bd6 7. Nge2 Nc6
8. O-O O-O 9. b3 Be6 10. Bb2 Qd7 11. d4 exd4 12. exd4 Bh3 13. Nb5 Bxg2 14.
Kxg2 a6 15. Nxd6 Qxd6 16. Qd3 Qd5+ 17. Qf3 Qxf3+ 18. Kxf3 Rfe8 19. Nf4 g5
20. Nd3 Rad8 21. Rad1 Nxd4+ 22. Kg2 Kg7 23. Nc5 Ne6 24. Nxb7 Rxd1 25. Rxd1
g4 26. Na5 Nd8 27. Nc4 Nc6 28. Rd3 Kg6 29. Re3 Rxe3 30. Nxe3 h5 31. Bxf6
Kxf6 32. Nd5+ Ke5 33. Nxc7 a5 34. Nb5 Nd4 35. Nxd4 Kxd4 36. a3 Kc5 37. f3
Kb5 38. Kf2 a4 39. b4 f5 40. fxg4 hxg4 41. Ke3 Kc4 42. Kf4 Kb3 43. b5 Kxa3
44. b6 Kb2 45. b7 a3 46. b8=Q+ Kc2 47. Qc7+ Kb2 48. Qb6+ Kc2 49. Qc5+ Kb2
50. Qb4+ Ka2 51. Qc3 Kb1 52. Qxa3 Kc2 53. Kxf5 Kd2 54. Kxg4 Ke2 55. Qc3 Kf2
56. Qd3 Kg2 57. Qe2+ Kh1 58. Qf1+ Kxh2 59. Qh3+ Kg1 60. Kf4 Kf2 61. g4 {
Black resigns } 1-0

[Event "ICC tourney 2533 (25 5)"]
[Site "Internet Chess Club"]
[Date "2021.04.24"]
[Round "1"]
[White "FAN, JEREMY:K09-16878614"]
[Black "SREEJAN BAYYARAPU, MOHIT:K09-15582120"]
[Result "0-1"]
[ICCResult "White checkmated"]
[WhiteElo "715"]
[BlackElo "1742"]
[Opening "Sicilian: Kan, 5.Bd3"]
[ECO "B42"]
[NIC "SI.42"]
[Time "11:01:20"]
[PlyCount "114"]
[TimeControl "1500+5"]

1. e4 c5 2. Nf3 e6 3. d4 cxd4 4. Nxd4 a6 5. Bd3 Qc7 6. Nc3 Nf6 7. O-O d6 8.
Be3 Be7 9. Nf3 Nbd7 10. h3 b5 11. Qd2 Bb7 12. b4 Rc8 13. Ne2 Nxe4 14. Bxe4
Bxe4 15. c3 Bxf3 16. gxf3 Ne5 17. Kg2 Qc6 18. Nd4 Qb7 19. Rg1 Rc4 20. Bf4
Bf6 21. Bxe5 Bxe5 22. Qe3 Qc7 23. Rac1 h6 24. f4 Bf6 25. f5 e5 26. f4 O-O
27. fxe5 dxe5 28. Ne2 Bg5 29. Qg3 Bxc1 30. Rxc1 Qc6+ 31. Kg1 Qb6+ 32. Kh2
Re4 33. Qf3 Qe3 34. Qxe3 Rxe3 35. Ng3 Rc8 36. Rg1 Rcxc3 37. f6 Rxg3 38.
Rxg3 Rxg3 39. Kxg3 gxf6 40. Kg4 Kg7 41. Kf5 e4 42. Kxe4 Kg6 43. Kf4 f5 44.
h4 h5 45. a3 Kf6 46. Kf3 Ke5 47. Ke3 f4+ 48. Kf3 f5 49. Ke2 Ke4 50. Kf2 f3
51. Kf1 Ke3 52. Ke1 f2+ 53. Kf1 Kf3 54. a4 bxa4 55. b5 a3 56. b6 a2 57. b7
a1=Q# { White checkmated } 0-1

[Event "ICC tourney 2533 (25 5)"]
[Site "Internet Chess Club"]
[Date "2021.04.24"]
[Round "1"]
[White "SRIKAR MEDIDA, ABHIJAY:K09-17135175"]
[Black "TATIKONDA, NIHANTH:K09-16818044"]
[Result "0-1"]
[ICCResult "White checkmated"]
[WhiteElo "312"]
[BlackElo "1392"]
[Opening "Sicilian: Hungarian variation"]
[ECO "B27"]
[NIC "SI.43"]
[Time "11:01:56"]
[PlyCount "58"]
[TimeControl "1500+5"]

1. e4 c5 2. Nf3 g6 3. Bc4 Bg7 4. d3 Nc6 5. c3 Nf6 6. e5 Ng4 7. Ng5 Ngxe5 8.
O-O O-O 9. Nf3 d5 10. Bb3 Bg4 11. h3 Bxf3 12. gxf3 e6 13. Be3 b6 14. d4
cxd4 15. cxd4 Nc4 16. Bxc4 dxc4 17. Qa4 Nxd4 18. Qxc4 Rc8 19. Qa4 Nc2 20.
Nc3 Nxa1 21. Rxa1 Bxc3 22. bxc3 Rxc3 23. Bd4 Qg5+ 24. Kh2 Qf4+ 25. Kg2
Qxf3+ 26. Kh2 Qxh3+ 27. Kg1 Qg4+ 28. Kf1 Rh3 29. Rd1 Rh1# { White
checkmated } 0-1

[Event "ICC tourney 2533 (25 5)"]
[Site "Internet Chess Club"]
[Date "2021.04.24"]
[Round "1"]
[White "KROTOV, DAMIAN:K09-17105641"]
[Black "RAJESH, RISHAN:K09-16815148"]
[Result "1-0"]
[ICCResult "Black checkmated"]
[WhiteElo "1819"]
[BlackElo "765"]
[Opening "Catalan: closed, 5.Nf3"]
[ECO "E06"]
[NIC "CA.04"]
[Time "11:03:46"]
[PlyCount "69"]
[TimeControl "1500+5"]

1. d4 d5 2. c4 e6 3. Nf3 Nf6 4. g3 Be7 5. Bg2 O-O 6. O-O h6 7. Qc2 c5 8.
dxc5 Bxc5 9. cxd5 Qxd5 10. Nc3 Qd6 11. Bf4 Qb6 12. Na4 Bxf2+ 13. Rxf2 Qb5
14. Nd4 Qd7 15. Rd1 Qe8 16. Bxh6 Ng4 17. Bd2 Nxf2 18. Kxf2 Qe7 19. a3 Rd8
20. Nf3 Nc6 21. Be3 Rxd1 22. Qxd1 Bd7 23. Bc5 Qe8 24. Nc3 b6 25. Nb5 Qc8
26. Be3 a6 27. Nd6 Qc7 28. Nc4 b5 29. Nb6 Rd8 30. Qc2 Rb8 31. Nxd7 Qxd7 32.
Ng5 Rc8 33. Qh7+ Kf8 34. Bc5+ Ne7 35. Qh8# { Black checkmated } 1-0

[Event "ICC tourney 2533 (25 5)"]
[Site "Internet Chess Club"]
[Date "2021.04.24"]
[Round "1"]
[White "R NAIR, ISHAN:K09-30144438"]
[Black "FENTON, SETH:K09-15344035"]
[Result "0-1"]
[ICCResult "White resigns"]
[WhiteElo "688"]
[BlackElo "1690"]
[Opening "Sicilian"]
[ECO "B50"]
[NIC "SI.01"]
[Time "11:01:54"]
[PlyCount "60"]
[TimeControl "1500+5"]

1. e4 c5 2. Nf3 d6 3. Bc4 Nf6 4. Nc3 a6 5. O-O e6 6. d4 cxd4 7. Nxd4 Nc6 8.
Nf3 Be7 9. Bf4 O-O 10. Qd2 Qc7 11. Rad1 Rd8 12. Rfe1 b5 13. Be2 Bb7 14. Qc1
Qa5 15. e5 dxe5 16. Nxe5 Nxe5 17. Bxe5 b4 18. Bxf6 Bxf6 19. Nb1 Qxa2 20.
Rd3 Bxb2 21. Qd2 Rxd3 22. Qxd3 Bf6 23. Rd1 h6 24. Bf3 Bxf3 25. Qxf3 Rc8 26.
Rf1 Rxc2 27. Qd1 a5 28. Re1 Rxf2 29. Nd2 Rxd2 30. Qa1 Rxg2+ { White resigns
} 0-1

[Event "ICC tourney 2533 (25 5)"]
[Site "Internet Chess Club"]
[Date "2021.04.24"]
[Round "1"]
[White "WANG, ETHAN:K09-15914623"]
[Black "KHATRI, AARUSHI:K09-17005313"]
[Result "0-1"]
[ICCResult "White resigns"]
[WhiteElo "1409"]
[BlackElo "354"]
[Opening "Sicilian: dragon, Yugoslav attack, Rauser variation"]
[ECO "B76"]
[NIC "SI.32"]
[Time "11:03:41"]
[PlyCount "64"]
[TimeControl "1500+5"]

1. e4 c5 2. Nf3 Nc6 3. d4 cxd4 4. Nxd4 d6 5. Nc3 g6 6. Be3 Bg7 7. f3 Nf6 8.
Qd2 O-O 9. O-O-O Nb4 10. a3 Nc6 11. Kb1 a5 12. g4 Nd7 13. h4 Nxd4 14. Bxd4
Bxd4 15. Qxd4 Ne5 16. Qe3 Be6 17. h5 Rc8 18. hxg6 fxg6 19. Qh6 Rf7 20. Be2
Qb6 21. Na4 Qc6 22. Nc3 Bc4 23. Qd2 Bxe2 24. Qxe2 Qc4 25. Qh2 Nxf3 26. Qh6
Ne5 27. Qh4 b5 28. Rc1 b4 29. axb4 axb4 30. Nd5 Ra8 31. b3 Qa6 32. Nf6+
exf6 { White resigns } 0-1

[Event "ICC tourney 2533 (25 5)"]
[Site "Internet Chess Club"]
[Date "2021.04.24"]
[Round "1"]
[White "MALLADI, SADKRITH:K09-15797710"]
[Black "LWIN MOE, KENNY:K09-16875861"]
[Result "1-0"]
[ICCResult "Black checkmated"]
[WhiteElo "1897"]
[BlackElo "823"]
[Opening "Scotch: Mieses variation"]
[ECO "C45"]
[NIC "SO.04"]
[Time "11:02:26"]
[PlyCount "45"]
[TimeControl "1500+5"]

1. e4 e5 2. Nf3 Nc6 3. d4 exd4 4. Nxd4 Nf6 5. Nxc6 bxc6 6. e5 Ne4 7. Bc4
Bb4+ 8. c3 Bc5 9. O-O d5 10. exd6 cxd6 11. Qe2 d5 12. Bd3 Bf5 13. Nd2 Qh4
14. Bxe4 Bxe4 15. g3 Ke7 16. gxh4 Rhe8 17. Nxe4 dxe4 18. Qxe4+ Kf8 19. Qxh7
g6 20. Bh6+ Ke7 21. Rfe1+ Kd7 22. Qxf7+ Kd8 23. Rxe8# { Black checkmated }
1-0

[Event "ICC tourney 2533 (25 5)"]
[Site "Internet Chess Club"]
[Date "2021.04.24"]
[Round "1"]
[White "MAITI, VEDANT:K09-16844427"]
[Black "SAI MEIYALAGAN, RUBAN:K09-30018746"]
[Result "0-1"]
[ICCResult "White checkmated"]
[WhiteElo "628"]
[BlackElo "1591"]
[Opening "QGD semi-Slav"]
[ECO "D43"]
[NIC "SL.03"]
[Time "11:01:37"]
[PlyCount "58"]
[TimeControl "1500+5"]

1. d4 d5 2. c4 c6 3. Nf3 Nf6 4. Nc3 e6 5. Bg5 Be7 6. e3 Nbd7 7. Be2 h6 8.
Bh4 O-O 9. O-O Re8 10. Rc1 Nf8 11. cxd5 exd5 12. Ne5 Bd6 13. f4 N8d7 14.
Bh5 Rf8 15. Bg4 Be7 16. Bf5 Nxe5 17. fxe5 Nd7 18. Bxe7 Qxe7 19. Qg4 Nb6 20.
Bxc8 Raxc8 21. Rf6 Kh8 22. Rd6 Rcd8 23. Rxd8 Rxd8 24. Rf1 Nc4 25. Kf2 Rf8
26. Ke2 f6 27. Qf5 Kg8 28. exf6 Qxe3+ 29. Kd1 Qd2# { White checkmated } 0-1

[Event "ICC tourney 2533 (25 5)"]
[Site "Internet Chess Club"]
[Date "2021.04.24"]
[Round "1"]
[White "ANG, TIMOTHY:K09-16772800"]
[Black "NASTA, KIREN:K09-15255524"]
[Result "0-1"]
[ICCResult "White resigns"]
[WhiteElo "833"]
[BlackElo "1901"]
[Opening "Four knights: Scotch variation"]
[ECO "C47"]
[NIC "SO.01"]
[Time "11:02:34"]
[PlyCount "112"]
[TimeControl "1500+5"]

1. e4 e5 2. Nf3 Nc6 3. Nc3 Nf6 4. d4 Bb4 5. dxe5 Nxe4 6. Bd2 Nxd2 7. Qxd2
Qe7 8. a3 Nxe5 9. Nxe5 Qxe5+ 10. Be2 Bxc3 11. bxc3 O-O 12. O-O d6 13. Rfe1
Qc5 14. h3 Be6 15. Rab1 Qd5 16. Red1 Qxd2 17. Rxd2 b6 18. Bf3 Rad8 19. Rbd1
Rfe8 20. Bc6 Bd7 21. Bxd7 Rxd7 22. Rd4 Re2 23. R1d2 Rxd2 24. Rxd2 d5 25. c4
d4 26. Rd3 c5 27. c3 Kf8 28. Kf1 Ke7 29. Ke2 dxc3 30. Rxc3 Rd4 31. Ke3 Ke6
32. g4 g6 33. f4 f5 34. Kf3 h5 35. g5 h4 36. Re3+ Kd6 37. Rc3 a6 38. Ke3 b5
39. Rd3 Rxd3+ 40. Kxd3 bxc4+ 41. Kxc4 Kc6 42. a4 a5 43. Kd3 Kd5 44. Ke3 c4
45. Kd2 Kd4 46. Kc2 Ke4 47. Kc3 Kxf4 48. Kxc4 Kg3 49. Kb5 Kxh3 50. Kxa5 Kg4
51. Kb6 h3 52. a5 h2 53. a6 h1=Q 54. a7 Qa8 55. Ka6 Kxg5 56. Kb6 f4 { White
resigns } 0-1

[Event "ICC tourney 2533 (25 5)"]
[Site "Internet Chess Club"]
[Date "2021.04.24"]
[Round "1"]
[White "WANG, LILIAN:K09-15607273"]
[Black "GIBSON DAVIS, ZACHARY:K09-15656534"]
[Result "1-0"]
[ICCResult "Black resigns"]
[WhiteElo "1798"]
[BlackElo "753"]
[Opening "Scotch opening"]
[ECO "C44"]
[NIC "KP.10"]
[Time "11:03:38"]
[PlyCount "71"]
[TimeControl "1500+5"]

1. e4 e5 2. Nf3 Nc6 3. d4 f6 4. dxe5 fxe5 5. Nc3 Bc5 6. Nxe5 Nf6 7. Nxc6
bxc6 8. Bg5 d6 9. Qd2 Be6 10. Be2 O-O 11. O-O d5 12. exd5 cxd5 13. Rad1 d4
14. Na4 Be7 15. Qxd4 Qxd4 16. Rxd4 Rad8 17. Rfd1 Rxd4 18. Rxd4 Rd8 19.
Rxd8+ Bxd8 20. c4 Bd7 21. Nc3 h6 22. Be3 Be7 23. Bxa7 Ne8 24. Nd5 Bg5 25.
f4 Bd8 26. b4 c6 27. Nc3 Bf6 28. Ne4 Bb2 29. a4 Nc7 30. Kf2 c5 31. Nxc5
Bd4+ 32. Kg3 Bxa4 33. Bb6 Na6 34. Nxa4 Bxb6 35. Nxb6 Nxb4 36. c5 { Black
resigns } 1-0

[Event "ICC tourney 2533 (25 5)"]
[Site "Internet Chess Club"]
[Date "2021.04.24"]
[Round "1"]
[White "SLOAN, JED:K09-15515631"]
[Black "CLEM, THOMAS:K09-15706482"]
[Result "1-0"]
[ICCResult "Black checkmated"]
[WhiteElo "1983"]
[BlackElo "873"]
[Opening "Four knights: Scotch, 4...exd4"]
[ECO "C47"]
[NIC "RG.01"]
[Time "11:03:46"]
[PlyCount "53"]
[TimeControl "1500+5"]

1. e4 e5 2. Nf3 Nf6 3. Nc3 Nc6 4. d4 exd4 5. Nxd4 Ne5 6. Be2 d5 7. f4 Ng6
8. e5 Ne4 9. O-O Nxc3 10. bxc3 Bc5 11. Kh1 O-O 12. Be3 f6 13. e6 Re8 14. f5
Nh4 15. g3 Nxf5 16. Rxf5 Bxe6 17. Nxe6 Rxe6 18. Bxc5 Qe8 19. Bd3 Qc6 20.
Bd4 Rae8 21. Rf1 b5 22. Qh5 g6 23. Bxg6 R8e7 24. Bd3 Qa8 25. Bxf6 Re8 26.
Qg5+ Kf7 27. Qg7# { Black checkmated } 1-0

[Event "ICC tourney 2533 (25 5)"]
[Site "Internet Chess Club"]
[Date "2021.04.24"]
[Round "1"]
[White "ZHAO, CALEB:K09-17115255"]
[Black "WILLIAM HALL, STEWART:K09-15065861"]
[Result "0-1"]
[ICCResult "White resigns"]
[WhiteElo "402"]
[BlackElo "1427"]
[Opening "French: exchange variation"]
[ECO "C01"]
[NIC "FR.01"]
[Time "11:05:18"]
[PlyCount "68"]
[TimeControl "1500+5"]

1. e4 e6 2. d4 d5 3. exd5 exd5 4. Nc3 Nf6 5. Nf3 Bd6 6. Bb5+ Bd7 7. Bxd7+
Nbxd7 8. O-O O-O 9. Re1 Re8 10. Rxe8+ Qxe8 11. Ng5 h6 12. Nf3 c6 13. Be3
Qe7 14. Qe2 Re8 15. Re1 Nb6 16. Nh4 Qe6 17. h3 Nc4 18. Qg4 Nxg4 19. hxg4
Qxg4 20. Nf3 h5 21. Ng5 Nxe3 22. Rxe3 Qxg5 23. Rxe8+ Kh7 24. Ne2 h4 25. g3
hxg3 26. fxg3 Bxg3 27. Nxg3 Qxg3+ 28. Kf1 Qf3+ 29. Ke1 Qh1+ 30. Ke2 Kg6 31.
Rd8 Qh2+ 32. Kd3 Qg3+ 33. Ke2 f6 34. Rd6 Qxd6 { White resigns } 0-1

[Event "ICC tourney 2533 (25 5)"]
[Site "Internet Chess Club"]
[Date "2021.04.24"]
[Round "1"]
[White "HAMILTON, JACK:K09-16280602"]
[Black "ADHARSH KUMAR, PRANAV:K09-17185926"]
[Result "0-1"]
[ICCResult "White checkmated"]
[WhiteElo "1431"]
[BlackElo "411"]
[Opening "Petrov: Nimzovich attack"]
[ECO "C42"]
[NIC "RG.03"]
[Time "11:03:00"]
[PlyCount "122"]
[TimeControl "1500+5"]

1. e4 e5 2. Nf3 Nf6 3. Nxe5 d6 4. Nf3 Nxe4 5. Nc3 Nxc3 6. dxc3 Nc6 7. Bc4
Qe7+ 8. Be3 Be6 9. Bxe6 Qxe6 10. O-O Ne5 11. Re1 h5 12. Bf4 O-O-O 13. Qd4
Nxf3+ 14. gxf3 Qg6+ 15. Kh1 Qf5 16. Qe4 Qxe4 17. Rxe4 d5 18. Re2 Bd6 19.
Bxd6 Rxd6 20. Rd1 Kd7 21. Red2 Re8 22. Rxd5 Re2 23. Rxd6+ cxd6 24. Kg2 Rxc2
25. Rb1 h4 26. h3 Kc6 27. f4 b5 28. Kf3 f5 29. Ke3 a5 30. a3 a4 31. Kf3 Kc5
32. Ke3 Kc4 33. Rd1 Rxb2 34. Rxd6 Kxc3 35. Rd3+ Kc4 36. Rd4+ Kb3 37. Rd5
Kxa3 38. Rxf5 Rb3+ 39. Ke4 b4 40. f3 Rc3 41. Rg5 b3 42. Kd4 Rxf3 43. Rg4 b2
44. Rg1 Rxh3 45. Kc4 Rb3 46. Rb1 Ka2 47. Rd1 b1=Q 48. Rxb1 Rxb1 49. f5 Rf1
50. Kb4 Rf4+ 51. Ka5 h3 52. f6 gxf6 53. Kb5 h2 54. Ka6 h1=Q 55. Kb6 Qg1+
56. Kc7 Qe3 57. Kd6 Qe5+ 58. Kc6 Rd4 59. Kb7 Rd6 60. Kc7 Qe7+ 61. Kc8 Rd8#
{ White checkmated } 0-1